 Dungeon Crawl Stone Soup version 0.28.0-47-ge53b351184 (webtiles) character file.

Game seed: 5415384426951275708

53 Revguard the Skirmisher (level 3, -5/29 HPs)
             Began as a Demonspawn Monk on May 5, 2022.
             Slain by Crazy Yiuf
             ... wielding a +3 quarterstaff of chaos
              (10 damage)
             ... on level 2 of the Dungeon.
             The game lasted 00:04:21 (1931 turns).

Revguard the Skirmisher (Demonspawn Monk)           Turns: 1931, Time: 00:04:22

Health: -5/29      AC:  2    Str: 11    XL:     3   Next: 64%
Magic:  4/4        EV: 13    Int: 13    God:
Gold:   87         SH:  0    Dex: 15    Spells: 3/3 levels left

rFire   . . .      SeeInvis .     - Unarmed
rCold   . . .      Faith    .   (no shield)
rNeg    . . .      Spirit   .   b - +0 robe
rPois   .          Reflect  .   (no helmet)
rElec   .          Harm     .   (no cloak)
rCorr   .          Rampage  .   (no gloves)
Will    .....                   (no boots)
Stlth   ++........              (no amulet)
HPRegen 0.09/turn               (no ring)
MPRegen 0.09/turn               (no ring)

@: invisible
A: claws 2
a: no special abilities


You were on level 2 of the Dungeon.
You visited 1 branch of the dungeon, and saw 2 of its levels.

You collected 87 gold pieces.

Inventory:

Armour
 b - a +0 robe (worn)
Scrolls
 a - a scroll of teleportation {unknown}
 c - 2 scrolls of identify {unknown}
 d - a scroll of enchant weapon {unknown}
 f - a scroll of noise {unknown}
 g - a scroll of fear {unknown}


   Skills:
 + Level 3.1 Fighting
 - Level 2.8 Short Blades
 + Level 0.6 Armour
 + Level 2.9 Dodging
 + Level 2.1 Stealth
 * Level 1.0 Unarmed Combat
 + Level 0.9 Spellcasting
 - Level 0.5 Hexes
 + Level 1.0 Necromancy
 + Level 0.0 Transmutations


You had 3 spell levels left.
You didn't know any spells.
Your spell library was empty.

Dungeon Overview and Level Annotations

Branches:
Dungeon (2/15)

Altars:
Yredelemnul

Annotations:
D:2 Crazy Yiuf


Innate Abilities, Weirdness & Mutations

You have very sharp fingernails.


Message History

The frilled lizard bites you.
You miss the frilled lizard.
The frilled lizard bites you but does no damage.
You scratch the frilled lizard.
You kill the frilled lizard!
Found a basalt altar of Yredelemnul.
You now have 87 gold pieces (gained 11).
Found a mace.
Found a runed translucent door.
Crazy Yiuf shouts!
Crazy Yiuf flaps his cloak.
You open the door.
Crazy Yiuf says, "Tonal ragdoll agre!"
Okay, then.
It was a potion of curing.
You feel better.
You barely miss Crazy Yiuf. Crazy Yiuf barely misses you.
You claw Crazy Yiuf!
Crazy Yiuf is heavily wounded.
Crazy Yiuf hits you with a +3 quarterstaff of chaos.
You fade into invisibility!
You barely miss Crazy Yiuf.
Crazy Yiuf is heavily wounded.
Crazy Yiuf hits you with a +3 quarterstaff of chaos!
You convulse.
* * * LOW HITPOINT WARNING * * *
You scratch Crazy Yiuf.
Crazy Yiuf is heavily wounded.
Crazy Yiuf closely misses you.
You catch the helpless Crazy Yiuf completely off-guard!
You scratch Crazy Yiuf.
Crazy Yiuf is severely wounded.
Crazy Yiuf misses you.
There is an open translucent door here.
You barely miss Crazy Yiuf.
Crazy Yiuf is severely wounded.
Crazy Yiuf whimpers, "Snower blue foot!"
Crazy Yiuf barely misses you.
You scratch Crazy Yiuf.
Crazy Yiuf is severely wounded.
Crazy Yiuf hits you with a +3 quarterstaff of chaos!
You die...

.#≈≈#...#.#.##.....#
#.#.#
#≈≈≈≈###......#.####
###.#
≈≈≈≈≈≈.....######
#.# ≈≈≈≈≈≈....## #.#
#≈≈≈≈###...# #####
###.########
.#≈≈#...#.## #..)#
#....(......
.#≈≈#.⌠.#..# #...#
###.########
.#≈≈#..†#.## #..g#
#.#.######
#≈..≈###...# #@#
##.........
..........## ♣♣.♣
#.#........
.#.###...## ♣.♣♣
#.##.###### ...#
#...# ♣♣.♣ #....#
##.# #...# ♣.♣♣
#.#### ##.# #...#
♣♣.♣♣ #.# ...# #####
♣.PP♣♣ #.# ##.#
♣.PP.♣ #.# #.#
#....# ##.###


You could see Crazy Yiuf.

Vanquished Creatures
  A gnoll (D:1)
  A worm (D:2)
  6 endoplasms
  3 giant cockroaches (D:1)
  5 hobgoblins
  4 jackals (D:1)
  A kobold (D:1)
  3 quokkas
  3 ball pythons (D:2)
  A bat (D:2)
  3 frilled lizards
  4 goblins
  A rat (D:1)
36 creatures vanquished.

Notes
Turn   | Place    | Note
-------+----------+-------------------------------------------
     0 | D:1      | Revguard the Demonspawn Monk began the quest for the Orb.
     0 | D:1      | Reached XP level 1. HP: 18/18 MP: 1/1
   204 | D:1      | Discovered your monstrous ancestry.
   204 | D:1      | Gained mutation: You have sharp fingernails. [demonic
                  | ancestry]
   204 | D:1      | Reached XP level 2. HP: 24/24 MP: 2/2
   584 | D:1      | Found a faded altar of an unknown god.
   691 | D:1      | Gained mutation: You have very sharp fingernails. [demonic
                  | ancestry]
   691 | D:1      | Reached XP level 3. HP: 29/29 MP: 3/3
  1575 | D:2      | Reached skill level 1 in Unarmed Combat
  1626 | D:2      | Reached skill level 1 in Necromancy
  1897 | D:2      | Found a basalt altar of Yredelemnul.
  1918 | D:2      | Found a runed translucent door.
  1919 | D:2      | Noticed Crazy Yiuf
  1931 | D:2      | Slain by Crazy Yiuf

Illustrated notes

Levels and vault maps discovered:
D:1:      dpeg_arrival_simpleton_a, layout_basic,
          dreamdust_ecumenical_altar_grove
D:2:      layout_basic, basic_altar, fountainhead, uniq_crazy_yiuf_cottage

Skill      XL: |  1  2  3 |
---------------+----------+-----
Stealth        | 2 |  2.1
Unarmed Combat | 1 |  1.0
Necromancy     | 1 |  1.0
Fighting       | |  3.1
Short Blades   | |  2.8
Armour         | |  0.6
Dodging        | |  2.9
Spellcasting   | |  0.9
Hexes          | |  0.5

Action                   || total
-------------------------++-------
Melee: Short sword       ||    72
       Punch             ||     2
       Unarmed           ||    56
  Use: Potion            ||     1
 Stab: Sleeping          ||     6
       Invisible         ||     1
Armor: Robe              ||    17
Dodge: Dodged            ||    66
